AoeStats
← stabmill

Arabia

509472739Analyzed
2v2 RM · 6d ago on Sep 26, 2026· 62m 50s· 4 players
Game mode
Random Map
Map size
Medium (4 player)
Population
200
Speed
Normal
Resources
Standard
Victory
Conquest
Starting age
Dark Age
Ending age
Imperial Age
RankedLock teamsTeams togetherTeam positionsShared explorationLock speedFull tech treeHidden civsTurbo modeCheats
Victory
Defeat
🇩🇪 Britons · Germany
680
+19
🇩🇪 Teutons · Germany
678
+19
🇦🇷 Chinese · Argentina
846
-23
🇪🇸 Inca · Spain
638
-15
stabmill
3:10 Loom
7:58 Loom
10:27 Feudal Age
11:36 Double-Bit Axe
19:36 Castle Age
19:47 Fletching
19:53 Gold Mining
22:19 Crossbowman
23:02 Padded Archer Armor
23:31 Bodkin Arrow
25:10 Bow Saw
25:51 Leather Archer Armor
28:35 Horse Collar
28:27 Elite Skirmisher
31:01 Thumb Ring
31:20 Ballistics
30:56 Murder Holes
31:08 Stone Mining
34:02 Wheelbarrow
34:00 Caravan
34:55 Gold Shaft Mining
35:00 Stone Shaft Mining
36:26 Scale Mail Armor
37:24 Masonry
40:27 Imperial Age
38:15 Hand Cart
37:47 Town Watch
40:53 Chain Mail Armor
40:48 Forging
41:41 Town Patrol
42:59 Two-Man Saw
42:03 Heavy Plow
42:35 Ring Archer Armor
42:06 Bracer
41:30 Arbalester
44:20 Chemistry
43:51 Architecture
47:11 Pikeman
47:51 Squires
48:17 Halberdier
49:31 Plate Mail Armor
49:36 Iron Casting
54:40 Blast Furnace
Señor Swansong
5:25 Loom
15:54 Feudal Age
16:40 Champi Runner
23:06 Castle Age
24:17 Wheelbarrow
23:28 Town Watch
24:19 Forging
25:31 Squires
25:16 Arson
29:59 Pikeman
33:08 Double-Bit Axe
41:12 Elite Skirmisher
42:58 Andean Sling
49:59 Caravan
55:20 Champi Warrior
GipfelTuch
11:34 Feudal Age
10:51 Loom
12:04 Double-Bit Axe
12:04 Horse Collar
14:02 Wheelbarrow
19:39 Castle Age
19:02 Gold Mining
20:33 Bow Saw
20:25 Heavy Plow
21:18 Hand Cart
24:05 Scale Barding Armor
25:31 Chain Barding Armor
25:22 Forging
34:23 Ballistics
34:43 Iron Casting
36:43 Imperial Age
35:12 Stone Mining
37:59 Stone Shaft Mining
37:24 Cavalier
40:12 Two-Man Saw
40:28 Conscription
39:39 Paladin
40:50 Onager
48:30 Capped Ram
50:09 Plate Barding Armor
50:35 Blast Furnace
49:01 Siege Onager
52:33 Elite Teutonic Knight
53:17 Elite Teutonic Knight
Tomzi
9:07 Feudal Age
10:05 Double-Bit Axe
20:26 Castle Age
20:25 Fletching
20:39 Padded Archer Armor
20:36 Stone Mining
23:37 Bow Saw
23:10 Horse Collar
24:15 Elite Skirmisher
29:05 Ballistics
34:05 Imperial Age
32:09 Leather Archer Armor
34:43 Yeomen
34:46 Bodkin Arrow
37:52 Bracer
38:23 Ring Archer Armor
40:03 Wheelbarrow
40:02 Heavy Plow
40:52 Elite Longbowman
52:23 Warwolf
55:59 Chemistry
55:07 Siege Engineers
55:48 Conscription
55:56 Conscription
Connection lost

Rejoining the realm…

Still unreachable

The connection could not be restored.

Session expired

The server has moved on; the page needs a fresh start.